 Dungeon Crawl Stone Soup version 0.29.1-2-gbd0b4ee654 (webtiles) character file.

Game seed: 4521206033164928305

2149 hawla the Thaumaturge (level 9, -1/68 HPs)
             Began as a Gnoll Wanderer on Nov 21, 2022.
             Slain by a bullfrog (5 damage)
             ... on level 6 of the Dungeon.
             The game lasted 00:23:00 (8251 turns).

hawla the Thaumaturge (Gnoll Wanderer)              Turns: 8251, Time: 00:23:01

Health: -1/68      AC:  4    Str:  9    XL:     9   Next: 31%
Magic:  0/21       EV: 13    Int: 17    God:
Gold:   224        SH:  0    Dex: 13    Spells: 16/24 levels left

rFire   . . .      SeeInvis .   e - +2 scythe (venom)
rCold   . . .      Faith    .   (shield currently unavailable)
rNeg    . . .      Spirit   +   d - +0 robe
rPois   .          Reflect  .   (no helmet)
rElec   .          Harm     .   j - +0 cloak
rCorr   .          Rampage  .   t - +0 pair of gloves
Will    +....      Clarity  +   b - +0 pair of boots
Stlth   +++.......              h - amulet of guardian spirit
HPRegen 0.21/turn               w - ring of willpower
MPRegen 0.17/turn               q - ring of flight

@: about to teleport, flying
A: fangs 1, strong nose, distributed training, clarity, deformed body, screaming
1
a: no special abilities


You were on level 6 of the Dungeon.
You visited 2 branches of the dungeon, and saw 7 of its levels.

You collected 224 gold pieces.

Inventory:

Hand Weapons
 a - a +0 sling
 e - a +2 scythe of venom (weapon)
Missiles
 f - 12 poisoned darts
 o - a boomerang
Armour
 b - a +0 pair of boots (worn)
 d - a +0 robe (worn)
 g - a +0 buckler
 j - a +0 cloak (worn)
 t - a +0 pair of gloves (worn)
Magical Staves
 y - a staff of air
Jewellery
 h - an amulet of guardian spirit (around neck)
 m - a ring of positive energy
 q - a ring of flight (right hand)
 w - a ring of willpower (left hand)
Scrolls
 l - 4 scrolls of vulnerability
Potions
 c - a potion of attraction
 k - a potion of curing
 x - 2 potions of magic


   Skills:
 + Level 5.0 Fighting
 + Level 4.2 Short Blades
 + Level 4.2 Long Blades
 + Level 4.2 Axes
 + Level 4.2 Maces & Flails
 + Level 4.2 Polearms
 + Level 4.2 Staves
 + Level 5.0 Ranged Weapons
 + Level 4.2 Throwing
 + Level 4.2 Armour
 + Level 5.0 Dodging
 + Level 4.9 Stealth
 + Level 4.2 Shields
 + Level 4.2 Unarmed Combat
 + Level 8.4 Spellcasting
 + Level 3.5 Conjurations
 + Level 3.5 Hexes
 + Level 3.5 Summonings
 + Level 3.5 Necromancy
 + Level 3.5 Translocations
 + Level 3.5 Transmutations
 + Level 3.5 Fire Magic
 + Level 3.5 Ice Magic
 + Level 3.5 Air Magic
 + Level 3.5 Earth Magic
 + Level 6.5 Poison Magic
 + Level 4.7 Invocations
 + Level 4.2 Evocations


You had 16 spell levels left.
You knew the following spells:

 Your Spells              Type           Power      Damage    Failure   Level
a - Sting                 Tmut/Pois      96%        1d7       1%          1
b - Mephitic Cloud        Conj/Pois/Air  22%        N/A       4%          3
c - Corpse Rot            Necr/Pois/Air  22%        N/A       16%         4

Your spell library contained the following spells:

 Spells                   Type           Power      Damage    Failure   Level
 Summon Small Mammal      Summ           76%        N/A       2%          1
 Ensorcelled Hibernation  Hex/Ice        38%        N/A       3%          2
 Passwall                 Tmut/Erth      15%        N/A       3%          2
 Call Canine Familiar     Summ           19%        N/A       7%          3
 Confusing Touch          Hex            19%        N/A       7%          3
 Portal Projectile        Hex/Tloc       38%        N/A       7%          3
 Summon Guardian Golem    Hex/Summ       19%        N/A       7%          3
 Swiftness                Air            19%        N/A       7%          3
 Leda's Liquefaction      Hex/Erth       9%         N/A       24%         4
 Yara's Violent Unravell  Hex/Tmut       9%         3d6       54%         5
 Enfeeble                 Hex            9%         N/A       100%        7


Dungeon Overview and Level Annotations

Branches:
Dungeon (6/15)             Temple (1/1) D:4

Altars:
Ashenzari
Cheibriados
Dithmenos
Fedhas
Hepliaklqana
Makhleb
Nemelex Xobeh
Okawaru
Qazlal
Ru
Trog
Uskayaw
Vehumet
Wu Jian
Xom
Zin
The Shining One

Shops:
D:1 (

Annotations:
D:4 dig the beasts
D:5 3 runed translucent doors, NinjaNoafa's ghost, novice MiFi; elongatedgoose's ghost, novice MiFi; mkat's ghost, novice DsNe
D:6 Grinder; Maggie


Innate Abilities, Weirdness & Mutations

You have very sharp teeth.
Your uncanny sense of smell can sniff out nearby items.
Your experience applies equally to all skills.
You possess an exceptional clarity of mind.
Armour fits poorly on your strangely shaped body.
You occasionally shout uncontrollably at your foes.


Message History

The bullfrog closely misses you. The bullfrog hits you!
Maggie mumbles some strange words.
Maggie attempts to bespell you!
You are unaffected.
The bullfrog closely misses you.
You hit the bullfrog.
The bullfrog is lightly wounded.
The bullfrog barely misses you. x3; The bullfrog hits you.
You barely miss the bullfrog.
You bite the bullfrog, but do no damage.
The bullfrog is lightly wounded.
The bullfrog closely misses you.
The bullfrog hits you but does no damage.
The bullfrog closely misses you.
You miss the bullfrog.
You bite the bullfrog, but do no damage.
The bullfrog is lightly wounded.
You kill the bullfrog!
The bullfrog hits you. The bullfrog barely misses you.
You closely miss the bullfrog.
The bullfrog is lightly wounded.
The bullfrog hits you! The ogre misses you. The bullfrog hits you.
You puncture the ogre!
The ogre is poisoned.
You bite the ogre, but do no damage.
The ogre is severely wounded.
The bullfrog barely misses you.
Maggie says, "If you die in the Dungeon, but nobody's around to see it, does it really matter?"
Maggie gestures wildly while chanting.
Maggie attempts to bespell you!
You are unaffected.
The bullfrog hits you but does no damage.
The ogre hits you with a +0 giant club!!
* * * LOW HITPOINT WARNING * * *
As you read the scroll labelled XARCHI FYSODDU, it crumbles to dust.
You feel strangely unstable.
It was a scroll of teleportation.
The bullfrog barely misses you. The bullfrog hits you.
* * * LOW HITPOINT WARNING * * *
The bullfrog attacks as you move away! The bullfrog hits you.
* * * LOW HITPOINT WARNING * * *
The bullfrog attacks as you move away! The bullfrog hits you!
You die...

♣..♣♣...♣
♣♣....♣
♣♣♣.♣♣ ♣.♣♣♣
∆ ♣♣..♣ ∆ .
♣♣.♣ ∆ ...♣♣
♣♣.♣
♣....♣♣♣♣.♣♣
♣l.@F@♣♣
♣..O♣♣♣♣
♣... # ...[.
## ♣♣♣♣♣$
##. ♣♣ #..
#.) #.. #.#


You could see Maggie, an ogre (very poisoned), a bullfrog and an iguana.

Vanquished Creatures
  A troll (D:5)
  Sigmund (D:2)
  A water moccasin (D:6)
  2 black bears
  An orc warrior (D:6)
  A centaur (D:5)
  2 ogres (D:4)
  A phantom (D:4)
  A necrophage (D:5)
  A gnoll sergeant (D:4)
  A bullfrog (D:6)
  6 scorpions
  3 hounds
  An orc priest (D:5)
  2 jellies
  Jessica (D:2)
  An iguana (D:4)
  Natasha (twice) (D:2)
  3 gnolls (D:5)
  9 adders
  2 shadow imps
  A white imp (D:6)
  3 ufetubi
  2 dart slugs (D:1)
  10 orcs
  7 ball pythons
  7 bats
  6 endoplasms
  2 giant cockroaches (D:1)
  12 goblins
  4 hobgoblins
  8 jackals
  6 quokkas
  3 frilled lizards
  6 kobolds
  3 rats
123 creatures vanquished.

Vanquished Creatures (collateral kills)
  A frilled lizard (D:2)
1 creature vanquished.

Vanquished Creatures (others)
  A wizard (D:5)
  12 fungi
  4 plants
  4 withered plants (D:5)
21 creatures vanquished.

Grand Total: 145 creatures vanquished

Notes
Turn   | Place    | Note
-------+----------+-------------------------------------------
     0 | D:1      | hawla the Gnoll Wanderer began the quest for the Orb.
     0 | D:1      | hawla set off with the following items: a +0 sling, a +0
                  | pair of boots, a potion of attraction, a +0 robe; and the
                  | following spell memorised: Sting; and the following spells
                  | available to memorise: Mephitic Cloud, Corpse Rot.
     0 | D:1      | Reached XP level 1. HP: 17/17 MP: 8/8
    39 | D:1      | Found a faded altar of an unknown god.
    98 | D:1      | Reached XP level 2. HP: 16/23 MP: 10/10
   655 | D:1      | Reached XP level 3. HP: 26/28 MP: 11/11
   690 | D:1      | Found Osyrewko's Weapon Boutique.
   817 | D:1      | Reached skill level 1 in Invocations
  1067 | D:1      | Learned a level 3 spell: Mephitic Cloud
  1336 | D:2      | Reached skill level 1 in Short Blades
  1336 | D:2      | Reached skill level 1 in Long Blades
  1336 | D:2      | Reached skill level 1 in Axes
  1336 | D:2      | Reached skill level 1 in Maces & Flails
  1336 | D:2      | Reached skill level 1 in Polearms
  1336 | D:2      | Reached skill level 1 in Staves
  1336 | D:2      | Reached skill level 1 in Throwing
  1336 | D:2      | Reached skill level 1 in Armour
  1336 | D:2      | Reached skill level 1 in Shields
  1336 | D:2      | Reached skill level 1 in Unarmed Combat
  1336 | D:2      | Reached skill level 1 in Evocations
  1672 | D:2      | Noticed Jessica
  1676 | D:2      | Killed Jessica
  1677 | D:2      | Reached skill level 1 in Conjurations
  1677 | D:2      | Reached skill level 1 in Hexes
  1677 | D:2      | Reached skill level 1 in Summonings
  1677 | D:2      | Reached skill level 1 in Necromancy
  1677 | D:2      | Reached skill level 1 in Translocations
  1677 | D:2      | Reached skill level 1 in Transmutations
  1677 | D:2      | Reached skill level 1 in Fire Magic
  1677 | D:2      | Reached skill level 1 in Ice Magic
  1677 | D:2      | Reached skill level 1 in Air Magic
  1677 | D:2      | Reached skill level 1 in Earth Magic
  1677 | D:2      | Reached XP level 4. HP: 25/34 MP: 13/13
  1837 | D:2      | Noticed Sigmund
  1860 | D:2      | Killed Sigmund
  1861 | D:2      | Reached XP level 5. HP: 24/41 MP: 11/14
  1861 | D:2      | Reached XP level 6. HP: 28/47 MP: 12/16
  2294 | D:2      | Noticed Natasha
  2298 | D:2      | Killed Natasha
  2467 | D:2      | Noticed Natasha
  2472 | D:2      | Killed Natasha
  2686 | D:2      | Learned a level 4 spell: Corpse Rot
  3051 | D:3      | Noticed a +0 dagger
  3052 | D:3      | Noticed a +0 falchion
  3052 | D:3      | Noticed a +0 falchion
  3052 | D:3      | Noticed a +0 dagger
  3052 | D:3      | Noticed a +0 short sword
  3053 | D:3      | Noticed a +0 spear
  3053 | D:3      | Noticed a +0 short sword
  3055 | D:3      | Found a hide-covered altar of Uskayaw.
  3055 | D:3      | Noticed a +0 spear
  3945 | D:4      | Reached XP level 7. HP: 31/52 MP: 11/18
  4197 | D:4      | Found a staircase to the Ecumenical Temple.
  4207 | Temple   | Entered the Ecumenical Temple
  4884 | D:4      | Gained mutation: You are clumsy. (Dex -2) [potion of
                  | mutation]
  4884 | D:4      | Gained mutation: You occasionally shout uncontrollably at
                  | your foes. [potion of mutation]
  4884 | D:4      | Gained mutation: You are strong-willed. (Will+) [potion of
                  | mutation]
  5138 | D:4      | Reached XP level 8. HP: 60/60 MP: 16/19
  5392 | D:5      | Entered Level 5 of the Dungeon
  5392 | D:5      | Noticed mkat's ghost (novice DsNe)
  5392 | D:5      | Noticed NinjaNoafa's ghost (novice MiFi)
  5392 | D:5      | Found a runed translucent gate.
  5392 | D:5      | Found a runed translucent gate.
  5392 | D:5      | Found a runed translucent gate.
  5393 | D:5      | Noticed elongatedgoose's ghost (novice MiFi)
  5395 | D:5      | Lost mutation: You are clumsy. (Dex -2) [potion of
                  | mutation]
  5395 | D:5      | Lost mutation: You are strong-willed. (Will+) [potion of
                  | mutation]
  5395 | D:5      | Gained mutation: Armour fits poorly on your strangely
                  | shaped body. [potion of mutation]
  5395 | D:5      | Gained mutation: You possess an exceptional clarity of
                  | mind. [potion of mutation]
  5581 | D:5      | Noticed a troll
  5595 | D:5      | Killed a troll
  5596 | D:5      | Reached skill level 8 in Spellcasting
  6451 | D:5      | Found a bloodstained altar of Trog.
  6522 | D:5      | Noticed a wizard
  6527 | D:5      | Killed a wizard
  6910 | D:5      | Found a burning altar of Makhleb.
  7256 | D:6      | Reached XP level 9. HP: 67/67 MP: 21/21
  7364 | D:6      | HP: 3/67 [orc warrior/+0 glaive (14)]
  7369 | D:6      | HP: 2/67 [orc/+0 dagger (2)]
  7375 | D:6      | HP: 1/67 [orc wizard/magic dart (3)]
  7730 | D:6      | Noticed Grinder
  8018 | D:5      | Reached skill level 5 in Fighting
  8018 | D:5      | Reached skill level 5 in Ranged Weapons
  8018 | D:5      | Reached skill level 5 in Dodging
  8237 | D:6      | Noticed Maggie
  8251 | D:6      | Slain by a bullfrog

Illustrated notes

Levels and vault maps discovered:
D:1:      minmay_arrival_checkered_box, layout_rooms, serial_shops,
          nicolae_shop_bloodbath_and_beyond, dreamdust_ecumenical_altar_grove,
          chequers_serial_rivers_micro_d
D:2:      cheibrodos_old_hovel, layout_basic, minmay_misc_feat_cross,
          uniq_jessica, uniq_natasha, uniq_sigmund
D:3:      layout_basic, nicolae_uskayaw_en_pointe, corner_web_ring,
          corexii_item_surrounded_by_moat, ebering_dispersal_statue_hall,
          st_stairs_1, small_statue_intersection
D:4:      minmay_clustersquares, layout_loops_corners,
          minmay_temple_entry_junction, serial_aquarium,
          aquarium_bridge_long_joined [aquarium_subvault_wall,
          aquarium_subvault_bridge, aquarium_subvault_wall,
          aquarium_subvault_wall, aquarium_subvault_bridge,
          aquarium_subvault_window], aquarium_bridge_straight
          [aquarium_subvault_bridge, aquarium_subvault_window,
          aquarium_subvault_bridge, aquarium_subvault_balcony],
          aquarium_window_3, aquarium_window_1, aquarium_view_2b,
          aquarium_pool_2, minivault_19
D:5:      layout_loops_ring, trog_wizard, lightli_temple_of_fire,
          gammafunk_ghost_cemetery
D:6:      kb_forest_paths, layout_basic, serial_shops, kennysheep_little_box,
          uniq_maggie, uniq_grinder
Temple:   nicolae_temple_bog_church

Skill      XL: |  1  2  3  4  5  6  7  8  9 |
---------------+----------------------------+-----
Invocations    | 1 2 3 4 |  4.7
Short Blades   | 1 2 3 4 |  4.2
Long Blades    | 1 2 3 4 |  4.2
Axes           | 1 2 3 4 |  4.2
Maces & Flails | 1 2 3 4 |  4.2
Polearms       | 1 2 3 4 |  4.2
Staves         | 1 2 3 4 |  4.2
Throwing       | 1 2 3 4 |  4.2
Armour         | 1 2 3 4 |  4.2
Shields        | 1 2 3 4 |  4.2
Unarmed Combat | 1 2 3 4 |  4.2
Evocations     | 1 2 3 4 |  4.2
Conjurations   | 1 2 3 |  3.5
Hexes          | 1 2 3 |  3.5
Summonings     | 1 2 3 |  3.5
Necromancy     | 1 2 3 |  3.5
Translocations | 1 2 3 |  3.5
Transmutations | 1 2 3 |  3.5
Fire Magic     | 1 2 3 |  3.5
Ice Magic      | 1 2 3 |  3.5
Air Magic      | 1 2 3 |  3.5
Earth Magic    | 1 2 3 |  3.5
Fighting       | 3 4 5 |  5.0
Ranged Weapons | 3 4 5 |  5.0
Dodging        | 3 4 5 |  5.0
Stealth        | 3 4 |  4.9
Poison Magic   | 6 |  6.5
Spellcasting   | 8 |  8.4

Action                   |  1- 3 |  4- 6 |  7- 9 || total
-------------------------+-------+-------+-------++-------
Melee: Unarmed           |       |    12 |       ||    12
       Halberd           |       |    80 |   219 ||   299
       Bite              |       |     7 |    20 ||    27
 Fire: Sling             |   102 |    18 |       ||   120
 Cast: Sting             |    14 |       |     3 ||    17
       Mephitic Cloud    |       |     4 |     5 ||     9
       Corpse Rot        |       |       |     2 ||     2
  Use: Scroll            |     4 |       |     9 ||    13
       Potion            |       |     2 |     9 ||    11
 Stab: Sleeping          |       |     2 |     8 ||    10
       Confused          |       |       |     1 ||     1
Armor: Robe              |    21 |    30 |    64 ||   115
       Skin              |       |       |    10 ||    10
Dodge: Dodged            |    41 |    78 |   179 ||   298
